 Dungeon Crawl Stone Soup version 0.31-a0-217-g58bb5d79cf (webtiles) character file.

Game seed: 4734847353940260802

44 qw the Shooter (level 3, -6/21 HPs)
             Began as a Gargoyle Hexslinger on July 2, 2023.
             Killed by divine providence
             ... invoked by an orc priest
              (13 damage)
             ... on level 4 of the Dungeon.
             The game lasted 00:00:29 (1157 turns).

qw the Shooter (Gargoyle Hexslinger)                Turns: 1157, Time: 00:00:30

Health: -6/21      AC:  8    Str: 11    XL:     3   Next: 62%
Magic:  4/4        EV: 10    Int: 13    God:
Gold:   58         SH:  0    Dex: 14    Spells: 3/4 levels left

rFire   . . .        Y - +1 sling
rCold   . . .        (no shield)
rNeg    + . .        h - +0 ring mail
rPois   inf          (no helmet)
rElec   +            (no cloak)
rCorr   .            (no gloves)
SInv    .            (no boots)
Will    .....        (no amulet)
Stlth   +            (no ring)
HPRegen 0.23/turn    (no ring)
MPRegen 0.09/turn

%: no passive effects
@: no status effects
A: sickness immunity, AC +3, negative energy resistance 1, electricity
resistance, torment resistance 1, petrification resistance
a: no special abilities


You were on level 4 of the Dungeon.
You visited 1 branch of the dungeon, and saw 3 of its levels.

You collected 58 gold pieces.


Innate Abilities, Weirdness & Mutations

You are immune to sickness and miasma.
Your stone body is resilient. (AC +3)
You are immune to poison.
You resist negative energy. (rN+)
You are resistant to electric shocks. (rElec)
You are resistant to unholy torment.
You are immune to petrification.


   Skills:
 - Level 2.0 Fighting
 + Level 3.5 Ranged Weapons
 - Level 1.5 Dodging
 - Level 1.0 Spellcasting
 - Level 2.6 Hexes


You had 3 spell levels left.
You knew the following spells:

 Your Spells              Type           Power      Damage    Failure   Level
a - Slow                  Hex            28%        N/A       22%         1

Your spell library contained the following spells:

 Spells                   Type           Power      Damage    Failure   Level
 Inner Flame              Hex/Fire       4%         N/A       75%         3
 Portal Projectile        Hex/Tloc       8%         N/A       75%         3
 Cause Fear               Hex            3%         N/A       92%         4

Inventory:

Hand Weapons
 Y - a +1 sling (weapon)
Armour
 c - the +2 leather armour of Oblivion {Harm Rampage Drain rCorr}
   (You found it on level 2 of the Dungeon)

   rCorr:     It protects you from acid and corrosion.
   Drain:     It drains your maximum health when unequipped.
   Harm:      It increases damage dealt and taken.
   Rampage:   It bestows one free step when moving towards enemies.
 g - a +1 leather armour of fire resistance
 h - a +0 ring mail (worn)
Scrolls
 a - 2 scrolls of teleportation
 b - a scroll of immolation {unknown}
 e - a scroll of enchant armour
Potions
 d - a potion of curing {unknown}
 f - a potion of magic {unknown}

Dungeon Overview and Level Annotations

Branches:
Dungeon (2/15)

Altars:


Message History

You shoot a sling bullet. The sling bullet hits the orc.
You kill the orc!
The hobgoblin barely misses you.
You shoot a sling bullet.
The sling bullet barely misses the hobgoblin.
The hobgoblin hits you but does no damage.
You shoot a sling bullet.
The sling bullet closely misses the hobgoblin.
The hobgoblin hits you.
You shoot a sling bullet.
The sling bullet hits the hobgoblin but does no damage.
The hobgoblin barely misses you. The hobgoblin closely misses you.
You shoot a sling bullet. The sling bullet hits the hobgoblin.
The hobgoblin is heavily wounded.
The hobgoblin hits you.
You shoot a sling bullet.
The sling bullet closely misses the hobgoblin.
The hobgoblin misses you.
The orc priest looks braver for a moment.
You shoot a sling bullet.
The sling bullet barely misses the hobgoblin.
The hobgoblin completely misses you.
The hobgoblin hits you but does no damage.
You shoot a sling bullet.
The sling bullet barely misses the hobgoblin.
The hobgoblin hits you.
You shoot a sling bullet.
The sling bullet closely misses the hobgoblin.
The hobgoblin hits you but does no damage.
The orc priest calls down the wrath of Beogh upon you.
Beogh smites you! The hobgoblin barely misses you.
You shoot a sling bullet.
The sling bullet closely misses the hobgoblin.
The hobgoblin barely misses you.
You shoot a sling bullet. The sling bullet hits the hobgoblin.
You kill the hobgoblin!
The orc priest calls down the wrath of Beogh upon you.
Beogh smites you!
Ouch! That really hurt!
You die...

###
##.########
#>........(
##.########
#.# #.# #@#
#)o>.....
########.
.. #...#


You could see an orc priest.

Vanquished Creatures
  8 orcs (D:4)
  3 ball pythons
  4 endoplasms
  A giant cockroach (D:1)
  3 goblins (D:1)
  3 hobgoblins
  3 quokkas (D:1)
  2 bats
  3 kobolds (D:1)
  A rat (D:2)
31 creatures vanquished.

Notes
Turn   | Place    | Note
-------+----------+-------------------------------------------
     0 | D:1      | qw the Gargoyle Hexslinger began the quest for the Orb.
     0 | D:1      | Reached XP level 1. HP: 12/12 MP: 2/2
     0 | D:1      | 0 ||| qw: Version: 0.3-a-40-ge99b1a8
     0 | D:1      | 0 ||| qw: Game counter: 93
     0 | D:1      | 0 ||| qw: Melee chars always use a shield: true
     0 | D:1      | 0 ||| qw: God list: Okawaru
     0 | D:1      | 0 ||| qw: Allow faded altars: false
     0 | D:1      | 0 ||| qw: Do Orc after clearing Dungeon:15 true
     0 | D:1      | 0 ||| qw: Do second Lair branch before Depths: true
     0 | D:1      | 0 ||| qw: Lair rune preference: random
     0 | D:1      | 0 ||| qw: Goals: Normal
     0 | D:1      | 0 ||| PLANNING D:1-11
   152 | D:1      | Reached XP level 2. HP: 14/16 MP: 3/3
   279 | D:1      | Reached skill level 3 in Ranged Weapons
   781 | D:1      | Reached XP level 3. HP: 21/21 MP: 4/4
   797 | D:1      | 797 ||| UPGRADING to +0 ring mail.
   807 | D:1      | 807 ||| DROPPING +0 robe.
   808 | D:1      | 808 ||| READING 4 scrolls labelled CUVIBR MOCSEQ.
   812 | D:1      | 812 ||| READING 2 scrolls labelled KAICEPE FAIZET.
   813 | D:1      | 813 ||| READING scroll labelled DASTRIO CERCHEE.
   814 | D:1      | 814 ||| READING scroll labelled TIM HOXTOBRIA.
   815 | D:1      | 815 ||| DROPPING scroll of poison.
   948 | D:2      | Identified the +2 leather armour of Oblivion {Harm Rampage
                  | Drain rCorr}
  1000 | D:2      | You fall into a shaft and drop 2 floors!
  1037 | D:4      | 1037 ||| Stepping ~*~*~tactically~*~*~ (outnumbered).
  1049 | D:4      | HP: 5/21 [something/magic dart (5)]
  1050 | D:4      | 1050 ||| READING 3 scrolls of teleportation.
  1157 | D:4      | Killed from afar by an orc priest

Levels and vault maps discovered:
D:1:      scummos_arrival_hexagon, layout_basic
D:2:      layout_basic, minmay_gold_behind_fungi, nicolae_figureground_pulse,
          uniq_sigmund
D:4:      layout_basic, mainiacjoe_overflow_chevrons, zin_angel, serial_shops,
          shop, uniq_pikel

Skill      XL: |  1  2 |
---------------+-------+-----
Ranged Weapons | 3 |  3.5
Fighting       | 2 |  2.0
Dodging        | |  1.5
Spellcasting   | |  1.0
Hexes          | |  2.6

Action                     || total
---------------------------++-------
   Fire: Sling             ||   122
    Use: Scroll            ||     5
 Armour: Robe              ||    10
         Ring mail         ||    25
  Dodge: Dodged            ||    57

Table legend:
 A = Non-vault XP
 B = Vault XP
 C = Vault XP percentage of total XP
 D = Non-vault monster count
 E = Vault monster count
 F = Vault count percentage of total count
                 A         B        C        D         E       F
            +---------+---------+-------+---------+---------+-------
      Total |      66 |       0 |   0.0 |      31 |       0 |   0.0
            +---------+---------+-------+---------+---------+-------
        D:1 |      34 |       0 |   0.0 |      18 |       0 |   0.0
        D:2 |       6 |       0 |   0.0 |       4 |       0 |   0.0
        D:4 |      26 |       0 |   0.0 |       9 |       0 |   0.0
            +---------+---------+-------+---------+---------+-------
